 Dungeon Sprint DCSS version 0.21.1-1-g345015f (webtiles) character file.

4000000 Fang the Axe Maniac (level 23, -10/240 HPs)
             Began as a Minotaur Gladiator on May 3, 2018.
             Was the Champion of Makhleb.
             Mangled by a bag of meat
             ... wielding a +9 war axe
              (34 damage)
             ... in the Dungeon (Sprint VIII: "Arena of Blood").
             The game lasted 00:00:28 (40 turns).

Fang the Axe Maniac (Minotaur Gladiator)              Turns: 40, Time: 00:00:29

Health: -10/240    AC:  6    Str: 29    XL:     23   Next: 64%
Magic:  21/53      EV: 28    Int:  5    God:    Makhleb [******]
Gold:   0          SH:  0    Dex: 12    Spells: 76/76 levels left

rFire    . . .     SeeInvis .   l - +∞ Axe of Woe
rCold    . . .     Gourm    .   (shield currently unavailable)
rNeg     . . .     Faith    .   b - +0 leather armour
rPois    .         Spirit   .   c - +0 hat
rElec    .         Reflect  .   (no cloak)
rCorr    .         Harm     .   (no gloves)
MR       +....     NoTele   +   (no boots)
Stlth    +++++++++.             (no amulet)
HPRegen  0.50/turn              (no ring)
MPRegen  0.33/turn              (no ring)

@: no status effects
A: retaliatory headbutt, horns 2
a: Minor Destruction, Lesser Servant of Makhleb, Major Destruction, Greater
Servant of Makhleb, Renounce Religion


You were in the Dungeon.
You worshipped Makhleb.
Makhleb was exalted by your worship.
You were not hungry.

You visited 1 branch

Inventory:

Hand Weapons
 a - a +0 war axe
 l - the +∞ Axe of Woe (weapon)
   (You found it in the Dungeon)
Missiles
 d - 3 throwing nets (quivered)
Armour
 b - a +0 leather armour (worn)
 c - a +0 hat (worn)
Scrolls
 k - a scroll of blinking
Potions
 e - a potion of curing
 g - a potion of heal wounds
 h - a potion of haste
 i - 2 potions of magic
 j - a potion of berserk rage
Comestibles
 f - a ration


   Skills:
 O Level 27 Fighting
 O Level 27 Axes
 O Level 27 Throwing
 O Level 27 Armour
 O Level 27 Dodging
 O Level 27 Stealth
 O Level 27 Unarmed Combat
 O Level 27 Spellcasting
 O Level 27 Invocations


You had 76 spell levels left.
You didn't know any spells.

Dungeon Overview and Level Annotations

Branches:
Dungeon (1/1)

Altars:
Makhleb


Innate Abilities, Weirdness & Mutations

You reflexively headbutt those who attack you in melee.
You have a pair of horns on your head.


Message History

Makhleb accepts your kill.
You feel better.
You hear a shout! x2
A bag of meat comes into view. It is wielding a +9 war axe.
The bag of meat shouts!
You hit the bag of meat.
You butcher the bag of meat messily.
You kill the bag of meat!
Makhleb accepts your kill.
You hear a shout! x3
The destroyer moves out of view.
The destroyer blinks!
You hear a shout! x3
The bag of meat shouts!
You hear a shout!
The large bag of meat hits you with a +9 giant spiked club!!!!
Ouch! That really hurt!
The large bag of meat hits you with a +9 giant spiked club!!!!
* * * LOW HITPOINT WARNING * * *
You hear a shout! x4
The destroyer blinks!
The bag of meat hits you with a +9 war axe!!
You die...

...........
............
........... .
..o........ ..
o......... ...
#oo.....# .#..
#Oo.....#
.....###@))....###.
..oo.o.OV)###......
.#....)z)._......
#.o....)#§§§..#...
....o..§#§§§._#
#.......#§§§O.#
..#....V..._......
...§......###......
.....###... ..###.


You could see 2 destroyers, a sculptor of flesh, 2 large bags of meat, a meat
berserker (berserk) and 10 bags of meat.

Vanquished Creatures
  A vampire knight (D)
  11 ogres (D)
  A two-headed ogre (D)
  23 orcs (D)
36 creatures vanquished.

Notes
Turn   | Place    | Note
-------+----------+-------------------------------------------
     0 | D        | Found the +∞ Axe of Woe
     0 | D        | Fang the Minotaur Gladiator began the quest for the Orb.
     0 | D        | Reached XP level 1. HP: 18/18 MP: 0/0
     4 | D        | Became a worshipper of Makhleb the Destroyer
     5 | D        | Noticed a bag of meat
     5 | D        | Noticed a bag of meat
     6 | D        | Noticed a bag of meat
     6 | D        | Noticed a bag of meat
     7 | D        | Noticed a meat berserker
     8 | D        | Noticed a bag of meat
     8 | D        | Noticed a bag of meat
     9 | D        | Noticed a bag of meat
     9 | D        | Noticed a meat berserker
     9 | D        | Killed a bag of meat
     9 | D        | Reached XP level 2. HP: 41/41 MP: 1/1
     9 | D        | Reached XP level 3. HP: 48/48 MP: 2/2
     9 | D        | Reached XP level 4. HP: 56/56 MP: 3/3
     9 | D        | Reached XP level 5. HP: 62/62 MP: 4/4
     9 | D        | Reached XP level 6. HP: 70/70 MP: 5/5
     9 | D        | Reached XP level 7. HP: 77/77 MP: 6/6
     9 | D        | Reached XP level 8. HP: 83/83 MP: 7/7
     9 | D        | Reached XP level 9. HP: 90/90 MP: 8/8
     9 | D        | Reached XP level 10. HP: 97/97 MP: 9/9
     9 | D        | Reached XP level 11. HP: 104/104 MP: 10/10
    10 | D        | Noticed a meat berserker
    10 | D        | Noticed a bag of meat
    11 | D        | Killed a bag of meat
    11 | D        | Reached * piety under Makhleb
    11 | D        | Reached skill level 1 in Armour
    11 | D        | Reached XP level 12. HP: 98/115 MP: 11/11
    11 | D        | Killed a meat berserker
    11 | D        | Reached skill level 15 in Fighting
    11 | D        | Reached skill level 27 in Axes
    11 | D        | Reached XP level 13. HP: 108/127 MP: 12/12
    11 | D        | Reached XP level 14. HP: 115/135 MP: 13/13
    11 | D        | Killed a meat berserker
    11 | D        | Reached skill level 27 in Dodging
    11 | D        | Reached XP level 15. HP: 150/150 MP: 14/14
    11 | D        | Reached ** piety under Makhleb
    12 | D        | Reached XP level 16. HP: 177/177 MP: 15/15
    13 | D        | Noticed a meat berserker
    14 | D        | Killed a meat berserker
    14 | D        | Reached *** piety under Makhleb
    14 | D        | Reached skill level 27 in Fighting
    14 | D        | Reached skill level 27 in Throwing
    14 | D        | Reached XP level 17. HP: 156/191 MP: 16/16
    17 | D        | Noticed a meat berserker
    17 | D        | Killed a meat berserker
    17 | D        | Reached **** piety under Makhleb
    17 | D        | Reached skill level 27 in Armour
    18 | D        | Reached skill level 10 in Unarmed Combat
    18 | D        | Reached skill level 10 in Invocations
    18 | D        | Reached XP level 18. HP: 144/200 MP: 16/27
    19 | D        | Noticed a meat berserker
    20 | D        | Noticed a meat berserker
    20 | D        | Noticed a meat berserker
    20 | D        | Noticed a meat berserker
    21 | D        | Reached skill level 15 in Unarmed Combat
    21 | D        | Reached skill level 10 in Spellcasting
    22 | D        | Noticed a large bag of meat
    22 | D        | Killed a meat berserker
    22 | D        | Reached ***** piety under Makhleb
    22 | D        | Reached skill level 15 in Stealth
    22 | D        | Reached XP level 19. HP: 207/207 MP: 16/34
    24 | D        | Killed a meat berserker
    24 | D        | Reached skill level 15 in Spellcasting
    25 | D        | Noticed a meat berserker
    25 | D        | Killed a meat berserker
    25 | D        | Reached XP level 20. HP: 216/216 MP: 17/40
    26 | D        | Killed a meat berserker
    26 | D        | Reached skill level 27 in Unarmed Combat
    26 | D        | Reached ****** piety under Makhleb
    26 | D        | Reached XP level 21. HP: 224/224 MP: 17/43
    26 | D        | Reached skill level 27 in Invocations
    28 | D        | Killed a large bag of meat
    28 | D        | Reached skill level 27 in Stealth
    29 | D        | Reached skill level 27 in Spellcasting
    29 | D        | Reached XP level 22. HP: 233/233 MP: 18/52
    32 | D        | Noticed a destroyer
    33 | D        | Noticed a destroyer
    34 | D        | Noticed a large bag of meat
    36 | D        | Killed a destroyer
    36 | D        | Reached XP level 23. HP: 240/240 MP: 20/53
    37 | D        | Noticed a large bag of meat
    38 | D        | Noticed a destroyer
    40 | D        | Mangled by a bag of meat

Skill      XL: |  1  2  3  4  5  6  7  8  9 10 11 12 13 14 15 16 17 18 19 20 21 |
---------------+----------------------------------------------------------------+-----
Fighting       | 12 13 15 18 24 27 | 27.0
Axes           | 21 23 27 | 27.0
Throwing       | 9 11 13 17 22 27 | 27.0
Dodging        | 18 21 24 27 | 27.0
Armour         | 1 3 8 12 17 27 | 27.0
Stealth        | 9 15 21 24 27 | 27.0
Unarmed Combat | 10 18 25 27 | 27.0
Spellcasting   | 7 12 17 19 27 | 27.0
Invocations    | 10 16 23 26 27 | 27.0

Action                   |  1- 3 |  4- 6 |  7- 9 | 10-12 | 13-15 | 16-18 | 19-21 | 22-24 || total
-------------------------+-------+-------+-------+-------+-------+-------+-------+-------++-------
Melee: Executioner's axe |     1 |       |       |     1 |     1 |     6 |     6 |     6 ||    21
Dodge: Dodged            |       |       |       |       |       |     2 |       |     2 ||     4
